 Dungeon Crawl Stone Soup version 0.17-a0-1763-g847a857 (webtiles) character file.

284 hexophile the Cudgeler (level 6, 0/51 HPs)
             Began as a Minotaur Fighter on Sept 6, 2015.
             Slain by Grinder (4 damage)
             ... while paralysed by Grinder
             ... on level 4 of the Dungeon.
             The game lasted 00:02:55 (3380 turns).

hexophile the Cudgeler (Minotaur Fighter)           Turns: 3380, Time: 00:02:55

Health: 0/51       AC:  9    Str: 21    XL:     6   Next: 7%
Magic:  5/5        EV:  2    Int:  5    God:
Gold:   159        SH:  0    Dex: 11    Spells: 0 memorised, 5 levels left

rFire  . . .     SeeInvis .     a - +0 flail
rCold  . . .     Clarity  .     b - +0 scale mail
rNeg   . . .     SustAt   .     c - +0 shield
rPois  +         Gourm    .     (helmet restricted)
rElec  .         Spirit   .     B - +0 cloak
rCorr  .         Warding  .     (no gloves)
rMut   .         Rnd*Tele +     v - +0 pair of boots
MR     .....                    (no amulet)
Stlth  ..........               j - ring of teleportation (curse)
                                g - ring of poison resistance

@: paralysed, not resistant to hostile enchantments, extremely unstealthy
A: retaliatory headbutt, horns 2
a: Evoke Teleportation


You were on level 4 of the Dungeon.
You were hungry.

You visited 1 branch of the dungeon, and saw 4 of its levels.

You collected 159 gold pieces.

Inventory:

Hand weapons
 a - a +0 flail (weapon)
Missiles
 m - 142 stones (quivered)
Armour
 b - a +0 scale mail (worn)
 c - a +0 shield (worn)
 v - a +0 pair of boots (worn)
 B - a +0 cloak (worn)
Jewellery
 g - a ring of poison resistance (left hand)
 j - a cursed ring of teleportation (right hand)
Magical devices
 s - a wand of random effects (7)
 D - a wand of fire (3)
Scrolls
 l - 2 scrolls of noise {unknown}
 o - 2 scrolls of fog {unknown}
 p - 3 scrolls of blinking {unknown}
 q - 2 scrolls of identify {unknown}
 r - 3 scrolls of fear {unknown}
 u - a scroll of remove curse {unknown}
 x - a scroll of teleportation {unknown}
 y - a scroll of enchant armour {unknown}
 E - a scroll of recharging {unknown}
Potions
 d - a potion of might
 f - a potion of heal wounds {unknown}
 h - a potion of brilliance {unknown}
 i - a potion of haste {unknown}
 n - a potion of ambrosia {unknown}
 t - a potion of curing {unknown}
 w - a potion of flight {unknown}
 C - a potion of mutation {unknown}
Comestibles
 e - 4 bread rations
 k - 3 fruits
 z - 3 meat rations
 A - a beef jerky


   Skills:
 - Level 3.6 Fighting
 + Level 7.7 Maces & Flails
 - Level 3.6 Armour
 - Level 3.6 Shields


You had 5 spell levels left.
You didn't know any spells.

Dungeon Overview and Level Annotations

Branches:
Dungeon (4/15)
 Temple: D:4-7

Altars:
Cheibriados

Annotations:
D:4 Grinder


Innate Abilities, Weirdness & Mutations

You reflexively headbutt those who attack you in melee.
You have a pair of horns on your head.


Message History

Grinder is heavily wounded.
Grinder barely misses you.
You hit Grinder.
Grinder is heavily wounded.
Grinder gestures at you.
You suddenly lose the ability to move!
Grinder hits you but does no damage. Grinder hits you.
You writhe in agony.
Grinder gestures at you. Pain shoots through your body!
* * * LOW HITPOINT WARNING * * *
Grinder hits you.
* * * LOW HITPOINT WARNING * * *
You writhe in agony.
* * * LOW HITPOINT WARNING * * *
Grinder hits you but does no damage. Grinder hits you.
* * * LOW HITPOINT WARNING * * *
You writhe in agony.
You die...

#########
#......)#
#.......#
#.......#
#.......#
#.......#
##.......###
#...@.......
#....5......
.....#...........
+ .....
+........... #.
#...#
#...........
##.####...#
##+##+######
..........+
..........#
..........#


You could see Grinder.

Vanquished Creatures
  A phantom (D:4)
  A giant frog skeleton (D:4)
  An orc priest (D:3)
  6 adders
  An adder skeleton (D:4)
  3 worms (D:3)
  3 giant geckos
  4 orcs (D:3)
  13 bats
  3 giant cockroaches
  5 hobgoblins
  A quokka (D:2)
  A ball python (D:1)
  A ball python zombie (D:3)
  3 giant newts
  4 goblins
  8 kobolds
  9 rats
68 creatures vanquished.

Notes
Turn   | Place    | Note
--------------------------------------------------------------
     0 | D:1      | hexophile the Minotaur Fighter began the quest for the Orb.
     0 | D:1      | Reached XP level 1. HP: 19/19 MP: 0/0
   102 | D:1      | Reached XP level 2. HP: 21/26 MP: 1/1
  1239 | D:2      | Reached skill level 4 in Maces & Flails
  1314 | D:2      | Reached XP level 3. HP: 31/31 MP: 2/2
  1599 | D:2      | Reached skill level 5 in Maces & Flails
  1826 | D:2      | Reached XP level 4. HP: 35/39 MP: 3/3
  1997 | D:3      | Found a snail-covered altar of Cheibriados.
  2095 | D:3      | Reached skill level 6 in Maces & Flails
  2162 | D:3      | Reached XP level 5. HP: 12/45 MP: 4/4
  3140 | D:4      | Noticed a phantom
  3160 | D:4      | Killed a phantom
  3160 | D:4      | Reached skill level 7 in Maces & Flails
  3239 | D:4      | Reached XP level 6. HP: 39/51 MP: 5/5
  3362 | D:4      | Noticed Grinder
  3374 | D:4      | Paralysed by Grinder for 7 turns
  3378 | D:4      | HP: 5/51 [Grinder (6)]
  3380 | D:4      | Slain by Grinder

Vault maps used:
D:1:      minmay_arrival_nine_rooms
D:3:      nicolae_overflow_crystal_walls, first_bread
D:4:      uniq_grinder

Action                   |  1- 3 |  4- 6 || total
-------------------------+-------+-------++-------
Melee: Flail             |   102 |    93 ||   195
  Eat: Chunk             |     2 |     5 ||     7
